 Dungeon Crawl Stone Soup version 0.28-a0-1429-gf3d713df7a (webtiles) character file.

Game seed: 1788273302040836549

16074 blackman the Cleaver (level 12, -4/94 HPs)
             Began as a Human Wanderer on Jan 8, 2022.
             Was a Believer of Zin.
             Slain by an eight-headed hydra (6 damage)
             ... on level 3 of the Lair of Beasts.
             The game lasted 01:37:51 (22523 turns).

blackman the Cleaver (Human Wanderer)              Turns: 22523, Time: 01:37:52

Health: -4/94      AC: 16    Str: 19    XL:     12   Next: 65%
Magic:  20/20      EV:  6    Int:  9    God:    Zin [**....]
Gold:   277        SH:  0    Dex: 22    Spells: 11/11 levels left

rFire   . . .      SeeInvis .   C - +8 battleaxe "Uxzygesch" {distort, rPois Dex+5}
rCold   . . .      Faith    .   (shield currently unavailable)
rNeg    . . .      Spirit   .   D - +1 plate armour
rPois   +          Reflect  .   u - +1 helmet
rElec   .          Harm     .   (no cloak)
rCorr   .          Rampage  .   (no gloves)
Will    .....                   (no boots)
Stlth   ..........              (no amulet)
HPRegen 0.25/turn               F - ring of poison resistance
MPRegen 0.17/turn               x - +4 ring of slaying

@: invisible
A: strong 1, evolution 1
a: Renounce Religion, Recite, Vitalisation, Donate Gold


You were on level 3 of the Lair of Beasts.
You worshipped Zin.
Zin was pleased with you.
You visited 3 branches of the dungeon, and saw 15 of its levels.

You collected 566 gold pieces.
You spent 230 gold pieces at shops.
You donated 59 gold pieces to Zin.

Inventory:

Hand Weapons
 a - a +2 dagger of venom
 b - a +2 hunting sling
 c - a +0 shortbow
 i - a +0 war axe
 C - the +8 battleaxe "Uxzygesch" (weapon) {distort, rPois Dex+5}
   (You bought it in a shop on level 4 of the Dungeon)

   It warps and distorts space around it, and may blink, banish, or inflict
   extra damage upon those it strikes.
   Unwielding it can cause banishment or high damage.
   Dex:       It affects your dexterity (+5).
   rPois:     It protects you from poison.
Missiles
 d - 237 arrows
 l - 96 sling bullets
 p - 276 stones
 y - 31 poisoned darts
Armour
 f - a +0 leather armour
 u - a +1 helmet (worn)
 w - a +0 scale mail
 D - a +1 plate armour (worn)
Jewellery
 j - a ring of flight
 m - a ring of positive energy
 v - a ring of protection from cold
 x - a +4 ring of slaying (right hand)
 F - a ring of poison resistance (left hand)
 G - a +4 ring of protection
 K - a +6 ring of strength
 M - a ring of protection from cold
 P - an amulet of magic regeneration
Wands
 e - a wand of polymorph (5)
 k - a wand of digging (5)
 B - a wand of iceblast (3)
Scrolls
 t - 2 scrolls of vulnerability
 E - 3 scrolls of teleportation
 H - a scroll of brand weapon {unknown}
 I - a scroll of enchant weapon {unknown}
 J - a scroll of fog
 L - a scroll of amnesia {unknown}
 N - a scroll of holy word
Potions
 g - a potion of flight
 h - 3 potions of cancellation
 o - 2 potions of attraction
 q - 2 potions of ambrosia
 r - 2 potions of might
 s - a potion of lignification
 z - a potion of brilliance
Miscellaneous
 n - a condenser vane
 A - a tin of tremorstones (1/2) (quivered)


   Skills:
 - Level 8.4 Fighting
 - Level 12.5 Axes
 - Level 4.0 Slings
 - Level 4.3 Bows
 - Level 7.1 Armour
 * Level 10.8 Invocations
 - Level 4.0 Evocations


You had 11 spell levels left.
You didn't know any spells.
Your spell library contained the following spells:

 Spells                   Type           Power      Damage    Failure   Level
 Animate Skeleton         Necr           0%         N/A       100%        1
 Apportation              Tloc           0%         N/A       100%        1
 Foxfire                  Conj/Fire      0%         2x1d4     100%        1
 Freeze                   Ice            0%         1d3       100%        1
 Sandblast                Erth           0%         2d4       100%        1
 Summon Small Mammal      Summ           0%         N/A       100%        1
 Passwall                 Tmut/Erth      0%         N/A       100%        2
 Confusing Touch          Hex            0%         N/A       100%        3
 Conjure Flame            Conj/Fire      0%         6-21      100%        3
 Frozen Ramparts          Ice            0%         1d2       100%        3
 Inner Flame              Hex/Fire       0%         N/A       100%        3
 Stone Arrow              Conj/Erth      0%         3d7       100%        3
 Flame Wave               Conj/Fire      0%         2d4       100%        4
 Hailstorm                Conj/Ice       0%         3d3       100%        4
 Yara's Violent Unravell  Hex/Tmut       0%         3d3       100%        5
 Enfeeble                 Hex            0%         N/A       100%        7


Dungeon Overview and Level Annotations

Branches:
Dungeon (10/15)            Temple (1/1) D:6            Lair (4/6) D:10
  Swamp (0/4) Lair:3       Spider (0/4) Lair:4
    Orc: D:9-12

Altars:
Ashenzari
Cheibriados
Dithmenos
Elyvilon
Fedhas
Gozag
Hepliaklqana
Kikubaaqudgha
Makhleb
Nemelex Xobeh
Okawaru
Qazlal
Ru
Sif Muna
Trog
Uskayaw
Vehumet
Wu Jian
Yredelemnul
Zin
The Shining One

Shops:
D:4 (

Annotations:
D:5 2 transporters, mordus's ghost, novice DjIE
D:8 Maggie; Maurice; Psyche
Lair:2 exclusion: oklob plant
Lair:3 Fannar
Abyss:1 Joseph


Innate Abilities, Weirdness & Mutations

Your muscles are strong. (Str +2)
You have hidden genetic potential.


Message History

You lop one of the five-headed hydra's heads off!
The four-headed hydra grows two more!
You hit the six-headed hydra.
Space warps around the six-headed hydra.
The six-headed hydra is almost dead.
The six-headed hydra barely misses you. The six-headed hydra bites you!
The six-headed hydra bites you but does no damage.
The six-headed hydra bites you! The six-headed hydra barely misses you.
The six-headed hydra bites you but does no damage.
You lop one of the six-headed hydra's heads off!
The five-headed hydra grows two more!
You slash the seven-headed hydra!
The seven-headed hydra is almost dead.
The seven-headed hydra bites you but does no damage.
The seven-headed hydra bites you!
The seven-headed hydra completely misses you.
The seven-headed hydra bites you but does no damage.
The seven-headed hydra bites you.
* * * LOW HITPOINT WARNING * * *
The seven-headed hydra bites you but does no damage.
The seven-headed hydra bites you!
* * * LOW HITPOINT WARNING * * *
You lop one of the seven-headed hydra's heads off!
The six-headed hydra grows two more!
You hit the eight-headed hydra.
The eight-headed hydra is severely wounded.
The eight-headed hydra barely misses you.
The eight-headed hydra bites you but does no damage.
The eight-headed hydra bites you.
* * * LOW HITPOINT WARNING * * *
The eight-headed hydra bites you but does no damage.
The eight-headed hydra barely misses you.
The eight-headed hydra bites you!
* * * LOW HITPOINT WARNING * * *
The eight-headed hydra bites you but does no damage.
The eight-headed hydra bites you.
* * * LOW HITPOINT WARNING * * *
You fade into invisibility!
The eight-headed hydra bites you but does no damage. x2
The eight-headed hydra bites you. Zin protects you from harm!
The eight-headed hydra bites you.
You die...

....). .......
.......#########
.(......#.......
.(.....P........
...........!....
................
.....Y.D@†...§§§
....##†......§§
. #........§§
#.........§
#.......§§)
#..........
...........
#P#.........
#####.......


You could see an eight-headed hydra and a dream sheep.

Vanquished Creatures
  2 hydras (Lair:2)
  5 elephants (Lair:4)
  5 cane toads
  A komodo dragon (Lair:4)
  A rime drake (Lair:2)
  A troll (D:10)
  5 blink frogs
  Grinder (D:4)
  A shadow (D:6)
  2 wyverns
  23 yaks
  A wraith (D:10)
  3 basilisks
  Duvessa (D:5)
  6 water moccasins
  2 sky beasts
  3 orc warriors
  2 necrophages (D:7)
  5 wolves
  A centaur (D:9)
  4 kobold brigands
  5 bullfrogs
  5 scorpions
  A water moccasin zombie (D:5)
  A water moccasin skeleton (D:4)
  Dowan (D:5)
  5 wights
  5 killer bees
  3 howler monkeys
  A bullfrog zombie (D:5)
  4 centaur zombies (D:9)
  2 hounds
  2 jellies
  Crazy Yiuf (D:6)
  6 orc priests
  3 iguanas
  Terence (D:2)
  10 orc wizards
  Ijyb (D:4)
  2 hound skeletons (D:4)
  3 howler monkey zombies
  Robin (D:2)
  2 gnolls (D:6)
  5 adders
  A shadow imp (D:8)
  A white imp (D:8)
  3 ufetubi
  2 worms (D:3)
  A dart slug (D:1)
  27 orcs
  6 ball pythons
  2 endoplasms
  3 giant cockroaches
  13 goblins
  10 hobgoblins
  3 jackals (D:3)
  10 quokkas
  A bat (D:2)
  2 frilled lizards
  17 kobolds
  3 rats
250 creatures vanquished.

Vanquished Creatures (collateral kills)
  An orc warrior (D:6)
  A black bear (D:6)
  An orc wizard (D:6)
  An orc (D:6)
4 creatures vanquished.

Vanquished Creatures (others)
  10 fungi
  17 plants
  A withered plant (D:7)
28 creatures vanquished.

Grand Total: 282 creatures vanquished

Notes
Turn   | Place    | Note
-------+----------+-------------------------------------------
     0 | D:1      | blackman the Human Wanderer began the quest for the Orb.
     0 | D:1      | blackman set off with the following items: a +2 hunting
                  | sling, 19 sling bullets, a +0 shortbow, 20 arrows, a wand
                  | of polymorph (7), a +0 leather armour
     0 | D:1      | Reached XP level 1. HP: 15/15 MP: 1/1
   249 | D:1      | Reached XP level 2. HP: 21/21 MP: 2/2
   843 | D:2      | Noticed Terence
   847 | D:2      | Reached XP level 3. HP: 26/26 MP: 3/3
   853 | D:2      | Killed Terence
   854 | D:2      | Reached XP level 4. HP: 3/32 MP: 4/4
  1126 | D:2      | Noticed Robin
  1129 | D:2      | Killed Robin
  1350 | D:2      | Noticed Sigmund
  1352 | D:2      | Noticed Sigmund
  1352 | D:2      | Sigmund changed into Sigmund the goblin
  1356 | D:2      | Killed Sigmund the goblin
  1580 | D:2      | Reached XP level 5. HP: 37/37 MP: 5/5
  2484 | D:3      | Found a blossoming altar of Fedhas.
  2576 | D:3      | Reached skill level 1 in Axes
  2972 | D:3      | Reached skill level 2 in Axes
  4076 | D:3      | Found an ancient bone altar of Kikubaaqudgha.
  4218 | D:4      | Noticed Ijyb
  4229 | D:4      | Killed Ijyb
  4230 | D:4      | Reached skill level 3 in Axes
  4230 | D:4      | Reached XP level 6. HP: 27/43 MP: 6/6
  5061 | D:4      | Found Etsaawne's Antique Weapon Emporium.
  5168 | D:4      | Noticed Grinder
  5184 | D:5      | Entered Level 5 of the Dungeon
  5184 | D:5      | Found a bloodstained altar of Trog.
  5240 | D:5      | Reached skill level 4 in Axes
  5909 | D:5      | You are sucked into a shaft and drop 2 floors!
  5921 | D:7      | Noticed a sky beast
  5946 | D:7      | Noticed an orc warrior
  5946 | D:7      | Noticed a necrophage
  5948 | D:7      | Killed a necrophage
  5948 | D:7      | Noticed a necrophage
  5949 | D:7      | Reached skill level 5 in Axes
  5949 | D:7      | Reached XP level 7. HP: 39/48 MP: 7/7
  6258 | D:6      | Noticed Edmund
  6259 | D:6      | Noticed Edmund
  6259 | D:6      | Edmund changed into Edmund the killer bee
  6271 | D:6      | Killed Edmund the killer bee
  7222 | D:6      | Reached skill level 6 in Axes
  7613 | D:5      | Noticed Duvessa
  7729 | D:6      | Reached XP level 8. HP: 53/54 MP: 8/8
  7811 | D:6      | Noticed a shadow
  8197 | D:6      | Reached skill level 7 in Axes
  8488 | D:6      | Found a staircase to the Ecumenical Temple.
  8515 | D:6      | Reached skill level 8 in Axes
  8537 | Temple   | Entered the Ecumenical Temple
  8708 | Temple   | Became a worshipper of Elyvilon the Healer
  8932 | D:6      | Found a runed translucent door.
  8933 | D:6      | Noticed Crazy Yiuf
  9516 | D:5      | Found a transporter.
  9525 | D:5      | Noticed a hornet
  9546 | D:5      | Noticed mordus's ghost (novice DjIE)
  9583 | D:5      | Found a transporter.
  9757 | D:5      | Noticed Dowan
  9839 | D:4      | Bought a crystal battleaxe for 230 gold pieces
  9839 | D:4      | Identified the +8 battleaxe "Uxzygesch" {distort, rPois
                  | Dex+5} (You bought it in a shop on level 4 of the Dungeon)
  9991 | D:4      | Paralysed by Grinder for 2 turns
  9996 | D:4      | Paralysed by Grinder for 6 turns
 10014 | D:4      | Killed Grinder
 10015 | D:4      | Reached skill level 9 in Axes
 10225 | D:4      | Found an opulent altar of Gozag.
 10302 | D:4      | Reached XP level 9. HP: 51/59 MP: 9/9
 10424 | D:5      | Killed Duvessa
 10434 | D:5      | Killed Dowan
 10435 | D:5      | Reached skill level 10 in Axes
 10795 | Temple   | Fell from the grace of Elyvilon
 10795 | Temple   | Became a worshipper of Zin the Law-Giver
 11297 | D:6      | Killed Crazy Yiuf
 11418 | D:7      | Reached skill level 11 in Axes
 11553 | D:7      | Donated 26 gold pieces to Zin
 11626 | D:7      | Reached * piety under Zin
 11815 | D:7      | Reached skill level 12 in Axes
 11878 | D:7      | Reached XP level 10. HP: 44/65 MP: 10/10
 11998 | D:7      | Found a hide-covered altar of Uskayaw.
 12351 | D:7      | Found a shimmering blue altar of Sif Muna.
 12605 | D:8      | Reached skill level 1 in Invocations
 12658 | D:8      | Found a burning altar of Makhleb.
 12667 | D:8      | Reached ** piety under Zin
 12859 | D:8      | Noticed Maggie
 13098 | D:8      | Noticed Maurice
 13706 | D:8      | Reached skill level 5 in Invocations
 13833 | D:9      | Noticed a two-headed ogre
 13850 | D:9      | Noticed a two-headed ogre
 13857 | D:9      | Noticed a cyclops
 13859 | D:9      | Noticed a centaur warrior
 13863 | D:9      | Noticed a two-headed ogre
 13872 | D:10     | Entered Level 10 of the Dungeon
 14362 | D:10     | Found a glowing golden altar of the Shining One.
 14805 | D:10     | Found a staircase to the Lair.
 15118 | D:10     | Noticed a two-headed ogre
 15199 | D:9      | Reached XP level 11. HP: 45/72 MP: 14/17
 15454 | D:9      | Identified the +5 rapier "Mivivvoc" {antimagic, Str-4 Int+7
                  | Dex-5 Stlth+}
 16585 | D:9      | Reached skill level 5 in Fighting
 17491 | D:8      | Gained mutation: You have hidden genetic potential. [potion
                  | of mutation]
 17498 | D:8      | Noticed Psyche
 17601 | D:9      | Noticed a deep elf pyromancer
 18329 | Lair:1   | Entered Level 1 of the Lair of Beasts
 18329 | Lair:1   | Noticed Joseph
 18335 | Lair:1   | Banished Joseph
 18478 | Lair:1   | Noticed a four-headed hydra
 19052 | Lair:1   | Reached skill level 1 in Armour
 19610 | Lair:2   | Reached skill level 5 in Armour
 19737 | Lair:2   | Noticed a four-headed hydra
 20027 | Lair:2   | Noticed a six-headed hydra
 20035 | Lair:2   | Killed a nine-headed hydra
 20039 | Lair:2   | Killed a seven-headed hydra
 20040 | Lair:2   | Reached XP level 12. HP: 75/92 MP: 18/18
 20493 | Lair:2   | Found a blossoming altar of Fedhas.
 20875 | Lair:2   | Gained mutation: Your muscles are strong. (Str +2) [hidden
                  | potential]
 21196 | Lair:3   | Noticed Fannar
 21736 | Lair:4   | Found a hole to the Spider Nest.
 21840 | Lair:4   | Reached skill level 10 in Invocations
 22291 | Lair:4   | Noticed a death yak
 22325 | Lair:3   | Found a staircase to the Swamp.
 22514 | Lair:3   | Noticed a four-headed hydra
 22522 | Lair:3   | HP: 2/94 [eight-headed hydra (6)]
 22523 | Lair:3   | Zin protects you from harm!
 22523 | Lair:3   | Slain by an eight-headed hydra

Illustrated notes

Levels and vault maps discovered:
D:1:      lightli_molten_gateway, layout_loops_corners,
          shapermc_ecumenical_altar_petra,
          nicolae_concentric_dashed_squares_mild
D:2:      minmay_recursive_quarters, layout_rooms, lemuel_flame_loot_1,
          uniq_robin, uniq_terence, uniq_sigmund
D:3:      layout_loops_cross, grunt_temple_overflow_growth_and_decay
D:4:      layout_loops_ring, general_overflow_altar, serial_shops,
          kennysheep_little_box, uniq_ijyb, uniq_grinder
D:5:      layout_loops_ring, trog_butcher_becter, gammafunk_ghost_hive,
          uniq_duvessa
D:6:      layout_basic, minmay_temple_entry_junction, uniq_crazy_yiuf_cottage,
          uniq_edmund
D:7:      layout_cave_pools, mainiacjoe_overflow_alcove_2,
          lemuel_coloured_pillars_altar, serial_undead, serial_undead_c,
          serial_undead_e, serial_undead_b, serial_undead_f, serial_undead_c,
          kennysheep_generic_room_7
D:8:      layout_loops_ring, mainiacjoe_overflow_small_starburst, uniq_maggie,
          uniq_psyche, uniq_maurice
D:9:      minmay_the_grid_4x2 [minmay_the_grid_all_tris,
          minmay_the_grid_aliased_spiral, minmay_the_grid_spikes,
          minmay_the_grid_large_cup, minmay_the_grid_zigzag_pyramid,
          minmay_the_grid_diamond_grid, minmay_the_grid_odd_star,
          minmay_the_grid_prize_big_room], layout_cross,
          nicolae_overflow_crystal_walls, uniq_erica
D:10:     layout_loops_ring, tso_oasis_becter, lair_entry_dummy,
          minmay_orc_entry_guard_dogs
Temple:   dshaligram_water_room_temple
Lair:1:   layout_roguey, hibernation_bobbens, infiniplex_staircase_pool,
          grunt_megastairs_1, lemuel_fruit_fields, uniq_joseph
Lair:2:   layout_loops_ring, chequers_serial_rivers_marsh, tgw_fedhas
Lair:3:   gammafunk_boulding_lane, layout_cave_pods, swamp_mist,
          guppyfry_lair_drakes, uniq_fannar
Lair:4:   layout_regular_city, spider_nest_entry_web_field, lemuel_oklob_altar

Skill      XL: |  1  2  3  4  5  6  7  8  9 10 11 12 |
---------------+-------------------------------------+-----
Bows           | 2 3 4 |  4.3
Axes           | 3 5 6 9 12 | 12.5
Invocations    | 8 10 | 10.8
Fighting       | 2 7 8 |  8.4
Armour         | 6 7 |  7.1
Slings         | |  4.0
Evocations     | |  4.0

Action                   |  1- 3 |  4- 6 |  7- 9 | 10-12 || total
-------------------------+-------+-------+-------+-------++-------
Melee: Dagger            |       |    14 |    27 |       ||    41
       Battleaxe         |       |       |    85 |   280 ||   365
 Fire: Hunting sling     |    32 |   176 |    73 |       ||   281
       Shortbow          |       |     9 |       |       ||     9
Throw: Dart              |       |       |    22 |     8 ||    30
       Stone             |       |       |     2 |       ||     2
       Javelin           |       |       |       |     3 ||     3
Invok: Recite            |       |       |     1 |     2 ||     3
       Donate Gold       |       |       |     1 |       ||     1
       Vitalisation      |       |       |       |     5 ||     5
Evoke: Wand              |       |     2 |     1 |     4 ||     7
       Tin of tremorston |       |       |       |     1 ||     1
  Use: Scroll            |       |     6 |     4 |     9 ||    19
       Potion            |       |     1 |     2 |     7 ||    10
 Stab: Invisible         |       |       |       |     2 ||     2
       Paralysed         |       |       |       |     6 ||     6
Armor: Leather armour    |     1 |    11 |       |       ||    12
       Scale mail        |       |    15 |    28 |       ||    43
       Plate armour      |       |       |    41 |   183 ||   224
       Skin              |       |       |     2 |       ||     2
Dodge: Dodged            |     2 |    37 |    43 |    94 ||   176

Table legend: (Time is in decaauts)
 A = Elapsed time spent in this place.
 B = Non-inter-level travel time spent in this place.
 C = Inter-level travel time spent in this place.
 D = Time resting spent in this place.
 E = Time spent auto-exploring this place.
 F = Levels seen in this place.
 G = Mean time per level.
                   A        B        C        D        E       F      G
               +--------+--------+--------+--------+--------+-----+--------+
         Total |  22586 |  21330 |   1256 |  10166 |   8365 |  15 | 1505.7 |
       Dungeon |  18102 |  17119 |    983 |   8025 |   6873 |  10 | 1810.2 |
        Temple |    272 |     94 |    178 |      0 |     60 |   1 |  272.0 |
          Lair |   4211 |   4116 |     95 |   2141 |   1432 |   4 | 1052.8 |
               +--------+--------+--------+--------+--------+-----+--------+

Top non-repeatable levels by time:
     D:8: 3582 daAuts
     D:6: 3215 daAuts
     D:2: 1975 daAuts
     D:5: 1942 daAuts
     D:4: 1649 daAuts
     D:7: 1409 daAuts
     D:3: 1397 daAuts
    D:10: 1373 daAuts
  Lair:2: 1361 daAuts
  Lair:1: 1353 daAuts
  Lair:4: 1117 daAuts
     D:1: 843 daAuts
     D:9: 713 daAuts
  Lair:3: 380 daAuts
  Temple: 272 daAuts
